 Dungeon Crawl Stone Soup version 0.26-a0-1184-g95e395e029 (webtiles) character file.

Game seed: 13979972401915508013

1661 sokol815 the Frost Mage (level 9, 0/51 HPs)
             Began as an Octopode Ice Elementalist on Dec 27, 2020.
             Was an Initiate of Gozag.
             Slain by an orc wizard
             ... wielding a +0 dagger
              (5 damage)
             ... on level 6 of the Dungeon.
             The game lasted 00:14:59 (6553 turns).

sokol815 the Frost Mage (Octopode Ice Elementalist) Turns: 6553, Time: 00:14:59

Health: 0/51       AC:  1    Str: 13    XL:     9   Next: 0%
Magic:  12/12      EV: 17    Int: 21    God:    Gozag
Gold:   215        SH:  5    Dex: 12    Spells: 5/12 levels left

rFire    . . .     SeeInvis +   a - +2 dagger (elec)
rCold    . . .     Faith    .   z - +1 buckler
rNeg     + + .     Spirit   .   (helmet restricted)
rPois    .         Reflect  .   (no amulet)
rElec    .         Harm     .   s - ring of see invisible {sInv, !d}
rCorr    .         Rampage  .   i - ring of positive energy {rN+}
Will     .....                  k - +4 ring of evasion
Stlth    ++++......             v - +6 ring of strength
HPRegen  0.17/turn              y - ring of positive energy {rN+}
MPRegen  0.13/turn              A - ring of wizardry {Wiz+, !d}
                                (no ring)
                                (no ring)

@: gold aura
A: almost no armour, stealthy swim, amphibious, 8 rings, constrict 8, camouflage
1, gelatinous body 1
a: Renounce Religion, Potion Petition, Call Merchant, Bribe Branch


You were on level 6 of the Dungeon.
You worshipped Gozag.
Gozag was aware of your devotion.
You visited 2 branches of the dungeon, and saw 7 of its levels.
You also visited: Sewer.

You collected 290 gold pieces.
You paid 75 gold pieces to Gozag.

Inventory:

Hand Weapons
 a - a +2 dagger of electrocution (weapon)
   (You took it off a goblin on level 2 of the Dungeon)
 h - a +0 short sword
   (You took it off a kobold on level 1 of the Dungeon)
 l - a +1 dagger of venom
   (You took it off a kobold on level 3 of the Dungeon)
 u - a +1 whip of flaming
   (You took it off Pikel on level 4 of the Dungeon)
 w - a +0 falchion
   (You took it off an orc on level 4 of the Dungeon)
Missiles
 f - 108 stones
 m - 35 poisoned darts
Armour
 z - a +1 buckler (worn)
   (You found it on level 5 of the Dungeon)
Jewellery
 i - a ring of positive energy (right tentacle) {rN+}
   (You found it on level 2 of the Dungeon)
 k - a +4 ring of evasion (on tentacle)
   (You found it on level 3 of the Dungeon)
 s - a ring of see invisible (left tentacle) {sInv, !d}
   (You found it on level 4 of the Dungeon)
 v - a +6 ring of strength (on tentacle)
   (You found it on level 4 of the Dungeon)
 y - a ring of positive energy (on tentacle) {rN+}
   (You found it on level 5 of the Dungeon)
 A - a ring of wizardry (on tentacle) {Wiz+, !d}
   (You found it on level 5 of the Dungeon)
Wands
 C - a wand of iceblast (4)
   (You found it on level 6 of the Dungeon)
Scrolls
 c - 2 scrolls of magic mapping {!r}
 n - a scroll of identify
 q - 3 scrolls of remove curse
 r - 3 scrolls of teleportation
 B - a scroll of silence {unknown}
Potions
 d - a potion of curing
 e - a potion of ambrosia
 g - a potion of mutation {unknown}
 j - a potion of berserk rage {unknown}
 o - 3 potions of lignification {!q}
 p - 6 potions of might
 t - a potion of cancellation {unknown}
 x - 3 potions of flight


   Skills:
 + Level 6.4 Short Blades
 - Level 2.0 Dodging
 * Level 6.0 Stealth
 * Level 3.5 Shields
 - Level 2.0 Spellcasting
 - Level 8.2 Ice Magic


You had 5 spell levels left.
You knew the following spells:

 Your Spells              Type           Power        Failure   Level
a - Freeze                Ice            100%         1%          1
b - Frozen Ramparts       Ice            72%          1%          3
A - Ozocubu's Armour      Ice            36%          1%          3

Your spell library contained the following spells:

 Spells                   Type           Power        Failure   Level
 Animate Skeleton         Necr           4%           6%          1
 Apportation              Tloc           4%           6%          1
 Corona                   Hex            2%           6%          1
 Summon Small Mammal      Summ           8%           6%          1
 Hailstorm                Conj/Ice       19%          12%         4
 Summon Ice Beast         Ice/Summ       19%          12%         4


Dungeon Overview and Level Annotations

Branches:
Dungeon (6/15)             Temple (1/1) D:5           Sewer (visited)

Altars:
Ashenzari
Cheibriados
Dithmenos
Gozag
Hepliaklqana
Kikubaaqudgha
Okawaru
Ru
Sif Muna
Yredelemnul
Zin

Annotations:
D:2 1 runed translucent door, Crazy Yiuf
D:4 exclusions: 2 gnolls and phantom
D:5 Eustachio, Prince Ribbit


Innate Abilities, Weirdness & Mutations

You cannot wear most types of armour.
You are very stealthy in the water. (Stealth+)
You are amphibious.
You can wear up to eight rings at the same time.
You can use your tentacles to constrict eight enemies at once.
Your skin changes colour to match your surroundings (Stealth+).
Your rubbery body absorbs attacks. (AC +1, EV +1)


Message History

You hit the orc priest.
Lightning courses through the orc priest!
You grab the orc priest.
You constrict the orc priest, but do no damage.
The orc wizard closely misses you.
You hit the orc priest but do no damage.
You constrict the orc priest. The orc priest closely misses you.
You hit the orc priest.
You kill the orc priest!
A giant cockroach comes into view.
You block the orc wizard's attack.
You hit the orc wizard. You grab the orc wizard. You constrict the orc wizard.
The orc wizard gestures wildly while chanting.
The orc wizard seems to speed up.
You block the orc wizard's attack.
You hit the orc wizard but do no damage.
Lightning courses through the orc wizard!
You kill the orc wizard!
You hit the orc wizard. Your grab misses the orc wizard.
The orc wizard gestures at you while chanting.
The magic dart hits you!
You take 8 damage, and have 26/46 hp.
The orc wizard casts a cantrip, but nothing happens.
The orc wizard casts a spell at you. The magic dart hits you!
You take 11 damage, and have 16/46 hp.
MASSIVE DAMAGE!!
You hit the orc but do no damage. Your grab misses the orc.
You hit the orc but do no damage. Your grab misses the orc.
The orc becomes distracted by the nearby gold, dreaming of imaginary riches.
The orc shouts!
You hit the orc.
The orc is no longer distracted by gold.
You grab the orc. You squeeze the orc, but do no damage.
You constrict the orc, but do no damage.
You block the orc's attack.
The orc wizard looks braver for a moment.
You hit the orc but do no damage. You squeeze the orc.
You constrict the orc, but do no damage.
The orc wizard looks encouraged for a moment.
You hit the orc. Lightning courses through the orc!!
You kill the orc!
You closely miss the iguana. You grab the iguana. You constrict the iguana.
The orc wizard begins to cast a cantrip, but forgets the words!
You hit the iguana but do no damage. You squeeze the iguana.
You constrict the iguana. The iguana barely misses you.
You hit the iguana but do no damage. You squeeze the iguana!
You constrict the iguana. The iguana bites you.
* * * LOW HITPOINT WARNING * * *
You take 5 damage, and have 12/46 hp.
You hit the iguana but do no damage. Lightning courses through the iguana!
You kill the iguana!
You feel better.
The orc wizard hits you with a +0 dagger.
You regained 2 hp, and now have 14/46 hp.
You hit the orc wizard but do no damage.
Your grab misses the orc wizard.
The orc wizard points at itself and mumbles some strange words.
The orc wizard flickers and vanishes for a moment.
The orc wizard becomes distracted by the nearby gold, dreaming of imaginary riches.
You hit the orc wizard.
Lightning courses through the orc wizard!
You kill the orc wizard!
The orc wizard casts a spell at you. You block the puff of frost.
Your Stealth skill increases to level 6!
You have reached level 9!
Your experience leads to an increase in your attributes!
Your base attributes are Str 7, Int 20, Dex 12.
Increase (s)trength, (i)ntelligence, or (d)exterity?
You feel clever.
You regained 2 hp, and now have 16/51 hp.
MP restored: 12
Aim: a giant cockroach The mass of ice explodes!
The iceblast engulfs the giant cockroach!
You kill the giant cockroach!
The iceblast engulfs the orc wizard.
The orc wizard casts a spell at you. The magic dart hits you!
* * * LOW HITPOINT WARNING * * *
You take 7 damage, and have 9/51 hp.
The orc wizard hits you but does no damage.
The orc wizard points at you and mumbles some strange words.
The magic dart hits you!
* * * LOW HITPOINT WARNING * * *
Items here: $ )) [[.
You take 7 damage, and have 2/51 hp.
Unknown command.
You feel better.
The orc wizard gestures at you while chanting.
The puff of flame hits you!
* * * LOW HITPOINT WARNING * * *
You regained 2 hp, and now have 4/51 hp.
You hit the orc wizard. Your grab misses the orc wizard.
The orc wizard misses you.
You hit the orc wizard. Your grab misses the orc wizard.
The orc wizard hits you with a +0 dagger.
You die...
Your body crumbles into a pile of gold.

#....
#.##.#######
#..#.
#.##.......#
#. #.
#.##.#######
#. #.##.# #.
#.#### $
#.##.# #..#.#
#.#.# #@#.#
#o$.# ##..#
#$$# .....
........
...........
.....>......
.............


You could see an orc wizard (fast, invisible).

Vanquished Creatures
  Pikel (D:4)
  2 sky beasts (D:5)
  An ogre (D:5)
  2 lemures (D:4)
  A big kobold (Sewer)
  A bullfrog (D:6)
  A scorpion (D:5)
  A howler monkey (D:6)
  A bullfrog zombie (D:5)
  A hound (D:5)
  A jelly (D:5)
  A bullfrog skeleton (D:5)
  5 orc priests
  A centaur skeleton (D:4)
  2 iguanas
  2 orc wizards (D:6)
  A worker ant (D:5)
  A hound skeleton (D:5)
  4 adders
  8 gnolls
  2 river rats (Sewer)
  2 oozes (D:3)
  A worm (D:2)
  2 dart slugs
  3 leopard geckos
  14 orcs
  2 ball pythons
  5 giant cockroaches
  6 goblins
  11 hobgoblins
  9 jackals
  12 kobolds
  4 quokkas
  2 bats
  6 frilled lizards
  A giant cockroach zombie (D:5)
  A jackal skeleton (D:3)
  A leopard gecko skeleton (D:5)
  2 quokka skeletons (D:4)
  8 rats
132 creatures vanquished.

Notes
Turn   | Place    | Note
-------+----------+-------------------------------------------
     0 | D:1      | sokol815 the Octopode Ice Elementalist began the quest for
                  | the Orb.
     0 | D:1      | Reached XP level 1. HP: 11/11 MP: 3/3
   217 | D:1      | HP: 2/11 [hobgoblin/+0 club (2)]
   227 | D:1      | Reached XP level 2. HP: 4/17 MP: 1/5
   227 | D:1      | HP: 3/17 [giant cockroach (1)]
   737 | D:1      | Reached XP level 3. HP: 20/21 MP: 2/6
   858 | D:1      | Reached skill level 5 in Ice Magic
  1128 | D:2      | Found a basalt altar of Yredelemnul.
  1285 | D:2      | HP: 2/21 [goblin/+2 dagger of electrocution (16)]
  1669 | D:2      | Reached XP level 4. HP: 14/27 MP: 7/7
  1855 | D:2      | Learned a level 3 spell: Ozocubu's Armour
  1859 | D:2      | Learned a level 3 spell: Frozen Ramparts
  2284 | D:2      | Found a runed translucent door.
  2285 | D:2      | Noticed Crazy Yiuf
  2487 | D:3      | Reached skill level 1 in Short Blades
  2581 | D:3      | Found a broken altar of Ashenzari.
  2589 | D:3      | Reached XP level 5. HP: 27/31 MP: 8/8
  2823 | D:3      | HP: 7/31 [poisoned by a kobold]
  2831 | D:3      | HP: 6/31 [poisoned by a kobold]
  3378 | D:3      | Reached skill level 6 in Ice Magic
  3754 | D:4      | Reached skill level 2 in Short Blades
  3777 | D:4      | Found an iron altar of Okawaru.
  3814 | D:4      | HP: 3/31 [orc priest/+0 club (6)]
  4123 | D:4      | Noticed a phantom
  4192 | D:4      | Noticed a lemure
  4198 | D:4      | Killed a lemure
  4206 | D:4      | Noticed a lemure
  4206 | D:4      | Noticed a lemure
  4207 | D:4      | Noticed Pikel
  4207 | D:4      | Noticed a lemure
  4214 | D:4      | Killed a lemure
  4215 | D:4      | Killed Pikel
  4216 | D:4      | Reached skill level 4 in Short Blades
  4216 | D:4      | Reached skill level 7 in Ice Magic
  4216 | D:4      | Reached XP level 6. HP: 21/36 MP: 2/9
  4216 | D:4      | Reached XP level 7. HP: 24/41 MP: 2/10
  4618 | D:4      | Reached skill level 5 in Short Blades
  4895 | D:4      | Found a sacrificial altar of Ru.
  5147 | D:5      | Entered Level 5 of the Dungeon
  5155 | D:5      | Found a glowing drain.
  5236 | Sewer    | Entered a sewer
  5329 | Sewer    | Reached skill level 8 in Ice Magic
  5329 | Sewer    | Reached XP level 8. HP: 33/46 MP: 11/11
  5427 | Sewer    | Found a white marble altar of Elyvilon.
  5487 | D:5      | Noticed Eustachio
  5699 | D:5      | Reached skill level 3 in Stealth
  5716 | D:5      | Reached skill level 1 in Shields
  5792 | D:5      | Reached skill level 6 in Short Blades
  5792 | D:5      | Reached skill level 4 in Stealth
  5792 | D:5      | Reached skill level 2 in Shields
  5837 | D:5      | Noticed Prince Ribbit
  6047 | D:5      | Found a staircase to the Ecumenical Temple.
  6075 | D:5      | Reached skill level 5 in Stealth
  6086 | Temple   | Entered the Ecumenical Temple
  6093 | Temple   | Became a worshipper of Gozag Ym Sagoz the Greedy
  6244 | D:5      | Found a sacrificial altar of Ru.
  6244 | D:5      | Found a snail-covered altar of Cheibriados.
  6266 | D:5      | Found a glowing silver altar of Zin.
  6272 | D:5      | Found a hazy altar of Hepliaklqana.
  6437 | D:6      | Reached skill level 3 in Shields
  6549 | D:6      | Reached skill level 6 in Stealth
  6549 | D:6      | Reached XP level 9. HP: 16/51 MP: 12/12
  6549 | D:6      | HP: 9/51 [orc wizard/magic dart (7)]
  6550 | D:6      | HP: 2/51 [orc wizard/magic dart (7)]
  6553 | D:6      | Slain by an orc wizard

Illustrated notes

Levels and vault maps discovered:
D:1:      scummos_arrival_hexagon, layout_rooms, nrook_campfire
D:2:      layout_basic, yredelemnul_altar_generic, uniq_crazy_yiuf_cottage
D:3:      layout_basic, lemuel_crystal_altar
D:4:      layout_basic, okawaru_trees_2, minmay_misc_feat_secret_circle,
          dk_noncrumbling_2, nicolae_ru_awakened_eye, uniq_pikel
D:5:      layout_basic, minitemple, gammafunk_temple_overflow_elements,
          minmay_temple_entry_wispy, portal_sewer_entry_d, uniq_eustachio,
          uniq_prince_ribbit1
D:6:      layout_basic, ebering_ghost_reflecting_pool
Temple:   chequers_temple_sunken

Skill      XL: |  1  2  3  4  5  6  7  8 |
---------------+-------------------------+-----
Ice Magic      | 5 7 8 |  8.2
Short Blades   | 1 4 5 6 |  6.4
Stealth        | 6 |  6.0
Shields        | 3 |  3.5
Dodging        | |  2.0
Spellcasting   | |  2.0

Action                   |  1- 3 |  4- 6 |  7- 9 || total
-------------------------+-------+-------+-------++-------
Melee: Whip              |    21 |       |       ||    21
       Constrict         |     8 |    19 |    26 ||    53
       Tentacles         |     7 |    13 |    24 ||    44
       Short sword       |    11 |       |       ||    11
       Dagger            |     3 |    99 |   150 ||   252
Throw: Stone             |     5 |    54 |       ||    59
 Cast: Freeze            |    25 |       |       ||    25
       Ozocubu's Armour  |       |     1 |     1 ||     2
       Frozen Ramparts   |       |     1 |     1 ||     2
Evoke: Wand              |       |       |     1 ||     1
  Use: Scroll            |       |     7 |     5 ||    12
       Potion            |       |       |     2 ||     2
 Stab: Sleeping          |     6 |     6 |    13 ||    25
Armor: Skin              |     6 |    10 |     3 ||    19
Dodge: Dodged            |    28 |    55 |    66 ||   149
Block: Buckler           |       |       |     8 ||     8

Table legend: (Time is in decaauts)
 A = Elapsed time spent in this place.
 B = Non-inter-level travel time spent in this place.
 C = Inter-level travel time spent in this place.
 D = Time resting spent in this place.
 E = Time spent auto-exploring this place.
 F = Levels seen in this place.
 G = Mean time per level.
                   A        B        C        D        E       F      G
               +--------+--------+--------+--------+--------+-----+--------+
         Total |   6514 |   6366 |    148 |   1955 |   3445 |   8 |  814.2 |
       Dungeon |   6280 |   6138 |    142 |   1876 |   3369 |   6 | 1046.7 |
        Temple |     13 |      7 |      6 |      0 |      0 |   1 |   13.0 |
         Sewer |    220 |    220 |      0 |     79 |     76 |   1 |  220.0 |
               +--------+--------+--------+--------+--------+-----+--------+

Top non-repeatable levels by time:
     D:1: 1738 daAuts
     D:4: 1446 daAuts
     D:5: 1023 daAuts
     D:2: 993 daAuts
     D:3: 966 daAuts
   Sewer: 220 daAuts
     D:6: 111 daAuts
  Temple: 13 daAuts

Table legend:
 A = Kills in this place as a percentage of kills in entire the game.
 B = Kills by you in this place as a percentage of kills by you in the entire game.
 C = Kills by friends in this place as a percentage of kills by friends in the entire game.
 D = Other kills in this place as a percentage of other kills in the entire game.
 E = Experience gained in this place as a percentage of experience gained in the entire game.
 F = Experience gained in this place divided by the number of levels of this place that you have seen.
                   A       B       C       D       E      F
               +-------+-------+-------+-------+-------+----------------------
         Total | 100.0 | 100.0 |   N/A |   N/A | 100.0 | 296.8
       Dungeon |  91.5 |  91.5 |   N/A |   N/A |  94.3 | 373.0
         Sewer |   8.5 |   8.5 |   N/A |   N/A |   5.7 | 136.0
               +-------+-------+-------+-------+-------+----------------------
